 Dungeon Crawl Stone Soup version 0.24-a0-537-g2d01d4ab0a (webtiles) character file.

Game seed: 9842409814966936491

4403 Gargoyl the Covered (level 10, 0/89 HPs)
             Began as a Centaur Abyssal Knight on Aug 16, 2019.
             Was an Elder of Lugonu.
             Slain by a killer bee (1 damage)
             ... on level 8 of the Dungeon.
             The game lasted 00:12:53 (10106 turns).

Gargoyl the Covered (Centaur Abyssal Knight)       Turns: 10106, Time: 00:12:53

Health: 0/89       AC: 14    Str: 18    XL:     10   Next: 14%
Magic:  14/14      EV:  5    Int:  9    God:    Lugonu [****..]
Gold:   389        SH:  3    Dex: 11    Spells: 9/9 levels left

rFire    + . .     SeeInvis .   z - +5 long sword of Dosos {elec, rElec rC- Str+2}
rCold    x . .     Gourm    .   q - +0 buckler
rNeg     . . .     Faith    .   h - +0 plate armour
rPois    .         Spirit   .   (no helmet)
rElec    +         Reflect  .   k - +1 cloak
rCorr    .         Harm     .   t - +0 pair of gloves
MR       .....                  (no barding)
Stlth    ..........             (no amulet)
HPRegen  0.24/turn              b - +1 ring of evasion
MPRegen  0.14/turn              (no ring)

@: lethally poisoned (0 -> -13), drained, very quick
A: large, hooves 3, deformed body, dopey 1, fire resistance 1, speed 2, robust
1, tough skin 3
a: Depart the Abyss, Bend Space, Banish, Corrupt, Renounce Religion


You were on level 8 of the Dungeon.
You worshipped Lugonu.
Lugonu was greatly pleased with you.
You were very hungry.

You visited 1 branch of the dungeon, and saw 8 of its levels.
You visited the Abyss 1 time.

You collected 389 gold pieces.

Inventory:

Hand Weapons
 a - a +1 hand axe
 d - a +2 war axe
 z - the +5 long sword of Dosos (weapon) {elec, rElec rC- Str+2}
   (You found it on level 5 of the Dungeon)

   Occasionally, upon striking a foe, it will discharge some electrical energy
   and cause terrible harm.
   It affects your strength (+2).
   It makes you vulnerable to cold.
   It insulates you from electricity.
Missiles
 o - 13 boomerangs (quivered)
Armour
 h - a +0 plate armour (worn)
 k - a +1 cloak (worn)
 q - a +0 buckler (worn)
 t - a +0 pair of gloves (worn)
Jewellery
 b - a +1 ring of evasion (left hand)
 D - an uncursed ring of flight {unknown}
Wands
 m - a wand of paralysis (11)
 y - a wand of digging (12)
Scrolls
 f - 2 scrolls of identify
 l - 2 scrolls of teleportation
Potions
 e - a potion of haste
 g - a potion of brilliance
 i - 2 potions of mutation
 j - 5 potions of curing
 n - a potion of heal wounds {unknown}
 p - a potion of flight {unknown}
 r - 2 potions of magic
 s - 2 potions of berserk rage
 u - 2 potions of ambrosia {unknown}
 v - 2 potions of agility
 w - a potion of resistance {unknown}
 x - 2 potions of might {unknown}
Comestibles
 c - 10 rations


   Skills:
 + Level 5.5(4.6) Fighting
 + Level 5.0(4.1) Long Blades
 + Level 4.1(3.2) Axes
 + Level 0.7(0.0) Throwing
 * Level 7.1(6.2) Armour
 * Level 3.9(3.0) Dodging
 + Level 1.6(0.8) Shields
 * Level 6.2(5.3) Invocations


You had 9 spell levels left.
You didn't know any spells.
Your spell library contained the following spells:

 Spells                   Type           Power        Failure   Level  Hunger
 Confusing Touch          Hex            #.....       100%        1    ##.....
 Summon Small Mammal      Summ           #...         100%        1    ##.....
 Call Imp                 Summ           #.......     100%        2    ###....
 Call Canine Familiar     Summ           #.......     100%        3    ####...
 Confuse                  Hex            #.......     100%        3    ####...
 Gell's Gravitas          Tloc           #.........   100%        3    ####...
 Summon Guardian Golem    Hex/Summ       #.......     100%        3    ####...
 Petrify                  Tmut/Erth      #.......     100%        4    #####..
 Summon Ice Beast         Ice/Summ       #.......     100%        4    #####..
 Summon Lightning Spire   Summ/Air       #.......     100%        4    #####..
 Metabolic Englaciation   Hex/Ice        #.........   100%        5    ######.
 Yara's Violent Unravell  Hex/Tmut       #.........   100%        5    ######.


Dungeon Overview and Level Annotations

Branches:
Dungeon (8/15)             Temple (0/1) D:7
   Lair: D:8-11

Altars:
Fedhas
Nemelex Xobeh
Okawaru
Sif Muna
Zin


Innate Abilities, Weirdness & Mutations

You have hooves in place of feet.
Armour fits poorly on your strangely shaped body.
You cover ground very quickly.
You have extremely tough skin. (AC +3)
You are dopey. (Int -2)
Your flesh is heat resistant. (rF+)
You are robust. (+10% HP)


Message History

You feel sick. The killer bee stings you.
* * * LOW HITPOINT WARNING * * *
You are lethally poisoned!
The killer bee poisons you! The killer bee barely misses you.
You riposte.
You miss the killer bee. Your kick misses the killer bee.
The killer bee is heavily wounded.
You miss the killer bee. You kick the killer bee.
The killer bee is heavily wounded.
* * * LOW HITPOINT WARNING * * *
You feel sick.
The killer bee stings you but does no damage. x2
You miss the killer bee.
The killer bee is heavily wounded.
* * * LOW HITPOINT WARNING * * *
You feel sick.
The killer bee stings you but does no damage.
The killer bee stings you.
* * * LOW HITPOINT WARNING * * *
The killer bee stings you.
You die...

...#######+##.....#
#.................#
#.................#####.
#......................#
#......................#
#......................#
################'#.....
......y†#.....
.......@#..... ........#
.. ........# #########


You could see a killer bee.

Vanquished Creatures
  Joseph (D:7)
  4 hippogriffs
  Sigmund (D:5)
  Eustachio (D:5)
  Menkaure (D:5)
  An orc warrior (D:7)
  An ice beast (D:6)
  2 sky beasts
  A phantom (D:6)
  5 centaurs (D:6)
  Blork the orc (D:4)
  A big kobold (D:8)
  3 bullfrogs
  A gnoll sergeant (D:7)
  2 scorpions (D:4)
  4 killer bees (D:8)
  4 wights (D:8)
  4 howler monkeys
  2 crimson imps (D:6)
  3 hounds
  A jelly (D:7)
  A quasit (D:8)
  Crazy Yiuf (D:6)
  An orc priest (D:7)
  8 orc wizards
  A centaur skeleton (D:5)
  2 iguanas
  10 worker ants
  A killer bee zombie (D:8)
  A hound skeleton (D:4)
  7 gnolls
  9 adders
  4 shadow imps
  A white imp (Abyss:1)
  3 worms
  5 dart slugs
  4 leopard geckos
  24 orcs
  3 ball pythons (D:1)
  9 bats
  3 giant cockroaches
  2 goblins
  8 hobgoblins
  9 jackals
  5 quokkas
  A frilled lizard (D:3)
  10 kobolds
  A quokka skeleton (D:6)
  6 rats
184 creatures vanquished.

Notes
Turn   | Place    | Note
-------+----------+-------------------------------------------
     0 | Abyss:1  | Gargoyl the Centaur Abyssal Knight began the quest for the
                  | Orb.
     0 | Abyss:1  | Reached XP level 1. HP: 19/19 MP: 2/2
    13 | Abyss:1  | Found an iron altar of Okawaru.
   139 | Abyss:1  | Noticed a chaos spawn
   168 | Abyss:1  | Gained mutation: You are dopey. (Int -2) [potion of
                  | mutation]
   168 | Abyss:1  | Gained mutation: You are robust. (+10% HP) [potion of
                  | mutation]
   168 | Abyss:1  | Gained mutation: Your flesh is heat resistant. (rF+)
                  | [potion of mutation]
   177 | Abyss:1  | Noticed a spatial vortex
   178 | D:1      | Escaped the Abyss
   354 | D:1      | Reached XP level 2. HP: 28/28 MP: 3/3
   750 | D:1      | Reached * piety under Lugonu
   852 | D:1      | Reached XP level 3. HP: 24/34 MP: 4/4
  1341 | D:2      | Reached skill level 1 in Dodging
  1538 | D:2      | Noticed a bullfrog
  1832 | D:1      | Killed a bullfrog
  1832 | D:1      | Reached skill level 2 in Armour
  1832 | D:1      | Reached XP level 4. HP: 6/42 MP: 4/6
  2532 | D:2      | Found a blossoming altar of Fedhas.
  2532 | D:2      | Found a sparkling altar of Nemelex Xobeh.
  2646 | D:2      | Reached XP level 5. HP: 39/50 MP: 7/7
  3039 | D:3      | Reached ** piety under Lugonu
  3831 | D:4      | Reached XP level 6. HP: 46/57 MP: 8/8
  3895 | D:4      | Reached skill level 3 in Armour
  4233 | D:4      | Noticed Blork the orc
  4256 | D:4      | Killed Blork the orc
  4563 | D:4      | Reached XP level 7. HP: 62/64 MP: 9/9
  5006 | D:5      | Entered Level 5 of the Dungeon
  5018 | D:5      | Noticed Sigmund
  5019 | D:5      | Noticed Eustachio
  5044 | D:5      | Noticed Menkaure
  5046 | D:5      | Got a twisted long sword
  5059 | D:5      | Identified the +5 long sword of Dosos {elec, rElec rC-
                  | Str+2} (You found it on level 5 of the Dungeon)
  5395 | D:5      | Killed Sigmund
  5395 | D:5      | Reached skill level 4 in Armour
  5433 | D:5      | Killed Eustachio
  5482 | D:5      | Killed Menkaure
  5482 | D:5      | Reached skill level 1 in Long Blades
  5482 | D:5      | Reached XP level 8. HP: 69/73 MP: 9/11
  6442 | D:6      | Reached skill level 5 in Armour
  6442 | D:6      | Reached skill level 1 in Shields
  6715 | D:6      | Found a runed translucent door.
  6716 | D:6      | Noticed Crazy Yiuf
  6724 | D:6      | Killed Crazy Yiuf
  6754 | D:6      | Reached *** piety under Lugonu
  6938 | D:6      | Noticed a hippogriff
  6947 | D:6      | Killed a hippogriff
  7207 | D:6      | Reached XP level 9. HP: 79/79 MP: 12/12
  7307 | D:7      | Reached skill level 5 in Invocations
  7597 | D:6      | Reached skill level 6 in Armour
  8158 | D:7      | Noticed Joseph
  8208 | D:6      | Reached skill level 5 in Fighting
  8772 | D:7      | Killed Joseph
  9106 | D:7      | Found a glowing silver altar of Zin.
  9240 | D:7      | Found an iron altar of Okawaru.
  9248 | D:7      | Found a shimmering blue altar of Sif Muna.
  9422 | D:7      | Found a staircase to the Ecumenical Temple.
  9485 | D:8      | Reached **** piety under Lugonu
  9485 | D:8      | Reached XP level 10. HP: 80/89 MP: 14/14
  9699 | D:8      | Reached skill level 7 in Armour
 10040 | D:8      | Reached skill level 5 in Long Blades
 10106 | D:8      | HP: 1/89 [killer bee (5)]
 10106 | D:8      | Slain by a killer bee

Levels and vault maps discovered:
D:1:      dpeg_arrival_arbitrary_b, layout_loops_ring
D:2:      layout_loops_ring, gammafunk_temple_overflow_statue, first_ration,
          chequers_big_river, minmay_cupped
D:3:      layout_loops_ring
D:4:      layout_basic, uniq_blork_the_orc
D:5:      layout_layer_cave, uniq_eustachio, uniq_menkaure, uniq_sigmund
D:6:      layout_cave_pools, roderic_lattice_a, serial_bayou_pond_b,
          uniq_crazy_yiuf_cottage
D:7:      layout_rooms, minmay_overflow_temple_star_quad,
          lemuel_temple_firewalk_a, uniq_joseph
D:8:      layout_gridville, makhleb_heckhound_becter

Skill      XL: |  1  2  3  4  5  6  7  8  9 10 |
---------------+-------------------------------+-----
Axes           | 2 3 4 |  4.1
Dodging        | 1 2 3 |  3.9
Armour         | 2 3 4 5 6 7 |  7.1
Invocations    | 3 4 6 |  6.2
Fighting       | 4 5 |  5.5
Long Blades    | 1 3 4 5 |  5.0
Shields        | 1 |  1.6
Throwing       | |  0.7

Action                   |  1- 3 |  4- 6 |  7- 9 | 10-12 || total
-------------------------+-------+-------+-------+-------++-------
Melee: Hand axe          |   115 |   181 |       |       ||   296
       Kick              |    21 |    33 |    52 |    15 ||   121
       War axe           |       |     3 |       |       ||     3
       Long sword        |       |       |   282 |    79 ||   361
Throw: Boomerang         |       |    10 |       |       ||    10
Invok: Depart the Abyss  |     1 |       |       |       ||     1
  Use: Potion            |     5 |       |       |       ||     5
       Scroll            |     4 |     7 |     7 |     1 ||    19
  Eat: Chunk             |     1 |     8 |    13 |     2 ||    24
Armor: Leather armour    |    11 |       |       |       ||    11
       Plate armour      |   102 |   173 |   355 |    96 ||   726
Dodge: Dodged            |    28 |    23 |   101 |    29 ||   181
Block: Buckler           |       |    10 |    67 |    19 ||    96
       Rpst.: Long sword |       |       |    22 |     9 ||    31

Table legend:
 A = Non-vault XP
 B = Vault XP
 C = Vault XP percentage of total XP
 D = Non-vault monster count
 E = Vault monster count
 F = Vault count percentage of total count
                 A         B        C        D         E       F
            +---------+---------+-------+---------+---------+-------
      Total |    5035 |    1256 |  20.0 |     176 |       8 |   4.3
            +---------+---------+-------+---------+---------+-------
        D:1 |      41 |      85 |  67.5 |      23 |       1 |   4.2
        D:2 |      68 |       4 |   5.6 |      22 |       1 |   4.3
        D:3 |      67 |       0 |   0.0 |       9 |       0 |   0.0
        D:4 |     369 |     100 |  21.3 |      16 |       1 |   5.9
        D:5 |     253 |     588 |  69.9 |      17 |       3 |  15.0
        D:6 |    2409 |      40 |   1.6 |      44 |       1 |   2.2
        D:7 |     936 |     439 |  31.9 |      19 |       1 |   5.0
        D:8 |     882 |       0 |   0.0 |      25 |       0 |   0.0
    Abyss:1 |      10 |       0 |   0.0 |       1 |       0 |   0.0
            +---------+---------+-------+---------+---------+-------
